 Dungeon Crawl Stone Soup version 0.26.1-10-gdfb7c7de75 (webtiles) character file.

Game seed: 17776947842833047301

602 MalarOregon the Shield-Bearer (level 7, 0/48 HPs)
             Began as a Halfling Fighter on Apr 6, 2021.
             Was a Follower of Yredelemnul.
             Slain by an orc warrior
             ... wielding a +0 halberd
              (3 damage)
             ... on level 6 of the Dungeon.
             The game lasted 00:06:06 (5204 turns).

MalarOregon the Shield-Bearer (Halfling Fighter)    Turns: 5204, Time: 00:06:06

Health: 0/48       AC: 10    Str: 19    XL:     7   Next: 69%
Magic:  7/7        EV:  9    Int:  6    God:    Yredelemnul [*.....]
Gold:   198        SH: 11    Dex: 14    Spells: 6/6 levels left

rFire    . . .     SeeInvis .   g - +2 dagger (venom)
rCold    . . .     Faith    .   c - +0 kite shield
rNeg     . . .     Spirit   .   b - +0 scale mail
rPois    .         Reflect  .   (no helmet)
rElec    .         Harm     .   B - +1 cloak
rCorr    .         Rampage  .   p - +0 pair of gloves
Will     .....                  (no boots)
Stlth    ..........             (no amulet)
HPRegen  0.16/turn              m - +4 ring of slaying
MPRegen  0.10/turn              (no ring)

@: no status effects
A: small, mutation resistance 1
a: Renounce Religion, Animate Remains


You were on level 6 of the Dungeon.
You worshipped Yredelemnul.
Yredelemnul was aware of your devotion.
You visited 2 branches of the dungeon, and saw 7 of its levels.

You collected 198 gold pieces.

Inventory:

Hand Weapons
 a - a +0 long sword
 g - a +2 dagger of venom (weapon)
   (You took it off a kobold on level 1 of the Dungeon)
 h - a +2 short sword of venom
   (You found it on level 1 of the Dungeon)
 x - a +1 vorpal falchion
   (You took it off an orc on level 4 of the Dungeon)
Missiles
 l - 15 poisoned darts (quivered)
 y - 7 curare-tipped darts {!f}
Armour
 b - a +0 scale mail (worn)
 c - a +0 kite shield (worn)
 p - a +0 pair of gloves (worn)
   (You found it on level 2 of the Dungeon)
 B - a +1 cloak (worn)
   (You found it on level 6 of the Dungeon)
Jewellery
 m - a +4 ring of slaying (left hand)
   (You found it on level 2 of the Dungeon)
Wands
 t - a wand of flame (11)
   (You found it on level 3 of the Dungeon)
Scrolls
 e - a scroll of immolation {unknown}
 f - 5 scrolls of identify {unknown}
 k - 4 scrolls of enchant weapon {unknown}
 o - a scroll of magic mapping {unknown}
 u - a scroll of remove curse {unknown}
 v - 2 scrolls of fog {unknown}
 z - a scroll of noise {unknown}
 A - a scroll of blinking {unknown}
Potions
 d - 2 potions of might
 i - a potion of curing {unknown}
 j - 2 potions of brilliance {unknown}
 n - a potion of heal wounds {unknown}
 q - a potion of attraction {unknown}
 s - a potion of haste {unknown}
 w - a potion of resistance {unknown}


   Skills:
 + Level 4.1 Fighting
 + Level 4.0 Long Blades
 + Level 5.0 Armour
 * Level 6.2 Shields


You had 6 spell levels left.
You didn't know any spells.
Your spell library contained the following spells:

 Spells                   Type           Power        Failure   Level
 Summon Small Mammal      Summ           0%           99%         1
 Call Imp                 Summ           0%           100%        2
 Call Canine Familiar     Summ           0%           100%        3
 Summon Guardian Golem    Hex/Summ       0%           100%        3
 Summon Ice Beast         Ice/Summ       0%           100%        4
 Summon Lightning Spire   Summ/Air       0%           100%        4


Dungeon Overview and Level Annotations

Branches:
Dungeon (6/15)             Temple (1/1) D:5

Altars:
Cheibriados
Elyvilon
Gozag
Hepliaklqana
Kikubaaqudgha
Nemelex Xobeh
Ru
Sif Muna
Vehumet
Wu Jian
Xom
Yredelemnul
Zin
The Shining One

Annotations:
D:4 1 runed translucent door, Sassenached's ghost, novice HuWn


Innate Abilities, Weirdness & Mutations

You are small and have problems with some larger weapons.
You are somewhat resistant to further mutation.


Message History

Yredelemnul accepts your kill.
You can now animate remains.
The orc hits you but does no damage. You block the orc's attack.
Things that are here:
a +0 club; a +0 leather armour; a scroll labelled FADUOCSIMAS You hit the orc.
You block the orc's attack.
You closely miss the orc. You block the orc's attack.
You closely miss the orc. You block the orc's attack.
You hit the orc.
You kill the orc!
Yredelemnul accepts your kill.
No target in view!
An orc warrior comes into view. It is wielding a +0 halberd.
An orc warrior is nearby!
Unknown command.
An orc warrior is nearby!
An orc warrior is nearby!
An orc warrior is nearby!
The orc warrior hits you from afar with a +0 halberd.
Things that are here:
a +0 trident; a scroll labelled ZOHASA PARE; an orc corpse The orc shouts!
You hit the orc warrior. You block the orc warrior's attack.
You hit the orc warrior but do no damage.
You block the orc warrior's attack.
You barely miss the orc warrior.
The orc warrior hits you with a +0 halberd!
You hit the orc warrior but do no damage.
The orc warrior closely misses you.
You riposte.
You hit the orc warrior but do no damage.
You hit the orc warrior.
The orc warrior hits you with a +0 halberd!
* * * LOW HITPOINT WARNING * * *
Your +2 dagger of venom begins to drip with poison!
g - a +2 dagger of venom (weapon)
You block the orc warrior's attack.
You hit the orc warrior.
The orc warrior is poisoned.
You hit the orc warrior but do no damage.
You hit the orc warrior but do no damage.
The orc warrior looks as sick as possible!
The orc warrior barely misses you. You block the orc's attack.
You hit the orc but do no damage.
The orc is poisoned.
The orc warrior hits you with a +0 halberd.
* * * LOW HITPOINT WARNING * * *
The orc closely misses you.
The orc warrior hits you with a +0 halberd!!
* * * LOW HITPOINT WARNING * * *
The orc warrior hits you from afar with a +0 halberd.
You die...
Your body rises from the dead as a mindless zombie.

#############
#^...[.....<# #
#.#########.# ..
#......####@###.#
#..###$..))o....#
#..# ######.o...#
#..# #.#.##....
.... ... #.# #.#
##### ###. ## .
##


You could see an orc warrior (extremely poisoned) and an orc (very poisoned).

Vanquished Creatures
  A phantom (D:5)
  A scorpion (D:4)
  2 hounds (D:4)
  A jelly (D:5)
  2 orc wizards
  A hound skeleton (D:4)
  3 gnolls (D:5)
  11 adders
  A howler monkey skeleton (D:4)
  6 dart slugs
  3 worms
  3 leopard geckos
  27 orcs
  2 ball pythons
  7 giant cockroaches
  2 gnoll zombies (D:3)
  7 goblins
  5 hobgoblins
  9 jackals
  A quokka (D:3)
  7 bats
  8 frilled lizards
  5 kobolds
  11 rats
126 creatures vanquished.

Notes
Turn   | Place    | Note
-------+----------+-------------------------------------------
     0 | D:1      | MalarOregon the Halfling Fighter began the quest for the
                  | Orb.
     0 | D:1      | Reached XP level 1. HP: 15/15 MP: 1/1
   200 | D:1      | Reached XP level 2. HP: 20/20 MP: 2/2
   393 | D:1      | Reached XP level 3. HP: 18/25 MP: 3/3
   790 | D:1      | Reached skill level 4 in Shields
  1029 | D:2      | Reached XP level 4. HP: 31/31 MP: 4/4
  1854 | D:2      | Reached XP level 5. HP: 35/36 MP: 5/5
  2180 | D:3      | Found a faded altar of an unknown god.
  2498 | D:3      | Found a sacrificial altar of Ru.
  2735 | D:3      | Found a basalt altar of Yredelemnul.
  2880 | D:3      | Reached XP level 6. HP: 42/42 MP: 6/6
  3124 | D:3      | Became a worshipper of Yredelemnul the Dark
  3172 | D:4      | Reached skill level 5 in Shields
  3555 | D:4      | Found a runed translucent door.
  3791 | D:4      | Reached XP level 7. HP: 47/47 MP: 7/7
  3873 | D:4      | Noticed Sassenached's ghost (novice HuWn)
  3888 | D:5      | Entered Level 5 of the Dungeon
  3994 | D:5      | Found a white marble altar of Elyvilon.
  4204 | D:5      | Found a staircase to the Ecumenical Temple.
  4218 | Temple   | Entered the Ecumenical Temple
  4451 | D:5      | Found a sparkling altar of Nemelex Xobeh.
  4582 | D:5      | Reached skill level 6 in Shields
  4681 | D:5      | Reached * piety under Yredelemnul
  4688 | D:5      | Reached skill level 5 in Armour
  5204 | D:6      | Slain by an orc warrior

Illustrated notes

Levels and vault maps discovered:
D:1:      grunt_arrival_crossed_arrows, layout_basic
D:2:      layout_loops_ring
D:3:      layout_basic, nicolae_ru_sacrificial_ziggurat,
          lemuel_zombie_altar_yredelemnul, chequers_ecumenical_altar_simple,
          st_stairs_8
D:4:      layout_loops_ring, ebering_ghost_sewer_d
D:5:      layout_rooms, kennysheep_mini_moat, minmay_temple_entry_offerings,
          grunt_decor_arrowhead, minmay_tree_intersection, chequers_avenue,
          nemelex_diamond_rough_becter
D:6:      layout_loops_ring, kennysheep_mini, fedhas_altar_fruit_tree
Temple:   jpeg_temple_alley_garden

Skill      XL: |  1  2  3  4  5  6  7 |
---------------+----------------------+-----
Fighting       | 3 4 |  4.1
Shields        | 4 5 6 |  6.2
Long Blades    | 3 4 |  4.0
Armour         | 4 5 |  5.0

Action                   |  1- 3 |  4- 6 |  7- 9 || total
-------------------------+-------+-------+-------++-------
Melee: Dagger            |   100 |   124 |     4 ||   228
       Long sword        |     6 |     9 |     3 ||    18
       Short sword       |       |    80 |    86 ||   166
       Falchion          |       |       |    43 ||    43
Armor: Scale mail        |    55 |    57 |    43 ||   155
Dodge: Dodged            |    46 |    46 |    40 ||   132
Block: Kite shield       |    56 |    95 |    82 ||   233
       Rpst.: Long sword |     3 |     1 |     1 ||     5
       Falchion          |       |       |     4 ||     4
